[Event "Titled Tuesday Blitz March 29 Early 2022"]
[White "Matlakov, Maxim"]
[Black "Yang, Kaiqi"]
[WhiteFideId "4168003"]
[BlackFideId "8604398"]
[WhiteElo "2669"]
[BlackElo "2373"]
[Result "1/2-1/2"]
[Round "02"]
[TimeControl "180+1"]
[Date "2022.03.29"]
[WhiteClock "0:00:04"]
[BlackClock "0:00:02"]

1. e4 e6 2. d4 d5 3. e5 c5 4. c3 Nc6 5. Nf3 Bd7 6. Be2 Nge7 7. O-O Ng6 8. Be3 Be7 9. Nbd2 cxd4 10. cxd4 O-O 11. Rc1 Qb6 12. Nb3 a5 13. Nc5 Bxc5 14. Rxc5 Qxb2 15. Rb5 Qxa2 16. Rxb7 Bc8 17. Rc7 Nb4 18. h4 Ba6 19. Bxa6 Nxa6 20. Rc2 Qa4 21. h5 Ne7 22. Bg5 Nb4 23. Rc7 Qxd1 24. Rxd1 Nec6 25. h6 Rfc8 26. Rd7 a4 27. hxg7 a3 28. Bc1 a2 29. Bb2 Ra7 30. Rd6 Na5 31. Rb6 Rb7 32. Rxb7 Nxb7 33. Ne1 Na5 34. Kh2 Nb3 35. f3 Kxg7 36. Kg3 Kg6 37. Kh3 h5 38. Kg3 Nc2 39. Nd3 Ra8 40. Nf4+ Kh6 41. Rh1 a1=Q 42. Bxa1 Rxa1 43. Rxh5+ Kg7 44. Rg5+ Kf8 45. Nh5 Ncxd4 46. Nf6 Nf5+ 47. Kh2 Ne7 48. Nd7+ Ke8 49. Nf6+ Kd8 50. Rg7 Nc5 51. Rxf7 Nd7 52. Rh7 Nxe5 53. f4 N5g6 54. g3 d4 55. Ne4 Re1 56. Nc5 Re3 57. Kg2 Kc7 58. Rh1 Kd6 59. Rc1 e5 60. fxe5+ Nxe5 61. Kf2 Nd3+ 62. Nxd3 Rxd3 63. g4 Rc3 64. Ra1 Nd5 65. g5 Ke5 66. Rg1 Rc7 67. g6 Rg7 68. Rg5+ Ke6 69. Ke2 Nf4+ 70. Kf3 Rxg6 71. Ra5 Nd5 72. Ra6+ Kf5 73. Rxg6 Kxg6 74. Ke4 d3 75. Kxd3 1/2-1/2


[Site "https://www.chess.com"]

[Event "Titled Tuesday Blitz March 29 Early 2022"]
[White "Meissner, Felix"]
[Black "Demchenko, Anton"]
[WhiteFideId "24671827"]
[BlackFideId "4160258"]
[WhiteElo "2350"]
[BlackElo "2539"]
[Result "1-0"]
[Round "02"]
[TimeControl "180+1"]
[Date "2022.03.29"]
[WhiteClock "0:00:13"]
[BlackClock "0:00:01"]

1. e4 c5 2. Nf3 g6 3. c3 d6 4. Bb5+ Bd7 5. Bxd7+ Nxd7 6. O-O Ngf6 7. Re1 c4 8. Qa4 Rc8 9. Qxa7 Bg7 10. Na3 O-O 11. b3 Nc5 12. Nxc4 b5 13. Nb6 Rb8 14. Nd5 Nfd7 15. Qc7 e6 16. Qxd8 Rbxd8 17. Nb4 Ra8 18. Bb2 f5 19. exf5 gxf5 20. d4 Ne4 21. Rad1 Rfc8 22. Rd3 Ndf6 23. Nd2 Bh6 24. Nxe4 fxe4 25. Rg3+ Kf7 26. f3 Bd2 27. Re2 e3 28. Rg5 Bxc3 29. Bxc3 Rxc3 30. h4 Rb8 31. h5 h6 32. Rg6 Nxh5 33. Rxh6 Nf4 34. Re1 Rg8 35. g4 Kg7 36. Rh2 Rgc8 37. Rb2 Rc1 38. Rb1 Rxb1 39. Rxb1 Kf6 40. Re1 Rc3 41. Kh2 e5 42. Kg3 d5 43. g5+ Kf5 44. dxe5 Kxe5 45. a4 bxa4 46. bxa4 d4 47. a5 Kf5 48. a6 Ra3 49. g6 Nxg6 50. Rd1 e2 51. Re1 Ne5 52. a7 Rxa7 53. Rxe2 Rg7+ 54. Kf2 Rb7 55. Nc2 d3 56. Ne3+ Ke6 57. Ra2 1-0


[Site "https://www.chess.com"]

[Event "Titled Tuesday Blitz March 29 Early 2022"]
[White "Mika, Tomasz"]
[Black "Khripachenko, Alexander"]
[WhiteFideId "1132970"]
[BlackFideId "54184975"]
[WhiteElo "2116"]
[BlackElo "2177"]
[Result "0-1"]
[Round "02"]
[TimeControl "180+1"]
[Date "2022.03.30"]
[WhiteClock "0:00:04"]
[BlackClock "0:00:09"]

1. d4 Nf6 2. Nf3 g6 3. g3 Bg7 4. Bg2 O-O 5. O-O d5 6. c4 dxc4 7. Nc3 c6 8. e4 b5 9. e5 Nd5 10. a4 Nxc3 11. bxc3 Bb7 12. Nd2 a6 13. Ne4 Nd7 14. e6 fxe6 15. Qg4 Kh8 16. Qxe6 Nf6 17. Ng5 Qd7 18. axb5 axb5 19. Rxa8 Bxa8 20. Nf7+ Kg8 21. Nh6+ Kh8 22. Nf7+ Rxf7 23. Qxf7 Bb7 24. Re1 Ng8 25. Bg5 b4 26. cxb4 c3 27. Qc4 Bxd4 28. h4 Bg7 29. Bf4 Qg4 30. Qe2 Qf5 31. b5 e5 32. Bc1 Ne7 33. Qc4 cxb5 34. Qxb5 Bxg2 35. Kxg2 Qf7 36. Qc5 Nd5 37. Be3 h6 38. Qc8+ Kh7 39. Qc6 e4 40. Bf4 Nxf4+ 41. gxf4 Qxf4 42. Rxe4 Qf5 43. Re7 Qf6 44. Qc7 c2 45. Rf7 Qxf7 46. Qxf7 c1=Q 47. h5 Qg5+ 48. Kh2 Qxh5+ 49. Kg1 Qg5+ 0-1


[Site "https://www.chess.com"]

[Event "Titled Tuesday Blitz March 29 Early 2022"]
[White "Mikhnenko, Alexander"]
[Black "Barrientos, Sergio E"]
[WhiteFideId "34143014"]
[BlackFideId "4401824"]
[WhiteElo "2184"]
[BlackElo "2397"]
[Result "0-1"]
[Round "02"]
[TimeControl "180+1"]
[Date "2022.03.30"]
[WhiteClock "0:00:16"]
[BlackClock "0:01:25"]

1. e4 c5 2. Nf3 e6 3. Qe2 a6 4. g3 b5 5. Bg2 Bb7 6. O-O Nf6 7. d3 d6 8. c3 Nbd7 9. Be3 Be7 10. h3 O-O 11. Nbd2 a5 12. Nh2 b4 13. f4 bxc3 14. bxc3 Qc7 15. g4 g6 16. g5 Nh5 17. Qf2 f6 18. gxf6 Bxf6 19. Rac1 d5 20. e5 Bxe5 21. Ng4 Bxf4 22. Qe1 d4 23. Bxf4 Nxf4 24. Ne4 Nxd3 25. Qh4 Nxc1 26. Nh6+ Kg7 27. Qe7+ Kxh6 28. Rxf8 Rxf8 29. Ng5 Ne2+ 30. Kh1 Rf1# 0-1


[Site "https://www.chess.com"]

[Event "Titled Tuesday Blitz March 29 Early 2022"]
[White "Miszler, Levente"]
[Black "Tanenbaum, Zachary"]
[WhiteFideId "763276"]
[BlackFideId "2060850"]
[WhiteElo "1966"]
[BlackElo "2168"]
[Result "0-1"]
[Round "02"]
[TimeControl "180+1"]
[Date "2022.03.30"]
[WhiteClock "0:00:16"]
[BlackClock "0:00:18"]

1. Nf3 d5 2. e3 Nf6 3. b3 Bf5 4. Bb2 e6 5. c4 c6 6. Nc3 Nbd7 7. d4 Bd6 8. Bd3 Bg6 9. O-O O-O 10. Re1 Bb4 11. Bxg6 hxg6 12. a3 Bxc3 13. Bxc3 Ne4 14. Bb2 g5 15. Nd2 Ndf6 16. Nxe4 Nxe4 17. f3 Nf6 18. e4 g6 19. Qd2 Nh5 20. exd5 cxd5 21. Re5 dxc4 22. bxc4 Rc8 23. Rc1 Ng7 24. Rxg5 Nf5 25. d5 e5 26. Bxe5 f6 27. Rxg6+ Kh7 28. Rxf6 Rxf6 29. Bxf6 Qxf6 30. Qd3 Kg7 31. c5 Re8 32. Rb1 Re7 33. d6 Re3 34. Qd5 Qh4 35. Rf1 Re1 36. Qxf5 Qd4+ 37. Kh1 Rxf1# 0-1


[Site "https://www.chess.com"]

[Event "Titled Tuesday Blitz March 29 Early 2022"]
[White "Mkrtchyan, Mariam"]
[Black "Melikhov, Evgeny V."]
[WhiteFideId "13310828"]
[BlackFideId "4122046"]
[WhiteElo "1984"]
[BlackElo "1945"]
[Result "1-0"]
[Round "02"]
[TimeControl "180+1"]
[Date "2022.03.30"]
[WhiteClock "0:00:47"]
[BlackClock "0:00:11"]

1. Nf3 d5 2. g3 c5 3. Bg2 Nc6 4. d4 e6 5. O-O Nf6 6. c4 Be7 7. cxd5 exd5 8. Nc3 O-O 9. b3 Ne4 10. Bb2 Bf6 11. Na4 b6 12. Rc1 Re8 13. dxc5 Bxb2 14. Nxb2 bxc5 15. Na4 c4 16. Nd4 Nxd4 17. Qxd4 Bd7 18. Qxd5 Bxa4 19. Bxe4 Qe7 20. Rxc4 Rad8 21. Qa5 Bd7 22. Qxa7 Bh3 23. Qxe7 Rxe7 24. Rfc1 h6 25. a4 Rd2 26. Rc8+ 1-0


[Site "https://www.chess.com"]

[Event "Titled Tuesday Blitz March 29 Early 2022"]
[White "Murzin, Volodar"]
[Black "Rodriguez, Santiago"]
[WhiteFideId "44155573"]
[BlackFideId "3000591"]
[WhiteElo "2585"]
[BlackElo "2256"]
[Result "1/2-1/2"]
[Round "02"]
[TimeControl "180+1"]
[Date "2022.03.30"]
[WhiteClock "0:00:06"]
[BlackClock "0:00:05"]

1. e4 c5 2. Nf3 Nc6 3. Bb5 g6 4. Bxc6 dxc6 5. O-O Bg7 6. d3 Nf6 7. Re1 Nd7 8. e5 Nf8 9. Nbd2 Qc7 10. Nc4 Ne6 11. a4 O-O 12. a5 Rb8 13. Bd2 b5 14. axb6 axb6 15. Qc1 b5 16. Ba5 Qa7 17. Ncd2 Ra8 18. Bb6 Qb7 19. Rxa8 Qxa8 20. Ne4 c4 21. dxc4 bxc4 22. Qe3 Qa2 23. Qc3 Bd7 24. Rd1 Rb8 25. Be3 Qxb2 26. Qxc4 Be8 27. Neg5 Nxg5 28. Bxg5 Bxe5 29. Bxe7 Bg7 30. h4 Ra8 31. Kh2 Be5+ 32. g3 Bg7 33. Kg2 c5 34. Qxc5 Ba4 35. Rd2 Qb7 36. c4 Bc6 37. Rd3 Re8 38. Bg5 Rc8 39. Qe3 h6 40. Bf4 Bxf3+ 41. Qxf3 Qxf3+ 42. Kxf3 Rxc4 43. Rd8+ Kh7 44. Rd7 Kg8 45. Be3 Rc6 46. Ke4 h5 47. Kd5 Re6 48. Rd8+ Kh7 49. Rd7 Kg8 50. Bc5 Re2 51. Rb7 Rd2+ 52. Ke4 Rd8 53. f3 Re8+ 54. Kd3 Rc8 55. Bf2 Rd8+ 56. Ke2 Re8+ 57. Kf1 Be5 58. Kg2 Rb8 59. Rxb8+ Bxb8 60. g4 hxg4 61. fxg4 f5 62. Kf3 Kf7 63. h5 fxg4+ 64. Kxg4 gxh5+ 65. Kxh5 1/2-1/2


[Site "https://www.chess.com"]

[Event "Titled Tuesday Blitz March 29 Early 2022"]
[White "Nakamura, Hikaru"]
[Black "Hebden, Mark L"]
[WhiteFideId "2016192"]
[BlackFideId "400084"]
[WhiteElo "2850"]
[BlackElo "2457"]
[Result "1-0"]
[Round "02"]
[TimeControl "180+1"]
[Date "2022.03.29"]
[WhiteClock "0:02:02"]
[BlackClock "0:00:03"]

1. Nf3 Nf6 2. b3 g6 3. Bb2 Bg7 4. d4 O-O 5. e3 c5 6. dxc5 Qa5+ 7. c3 Qxc5 8. Ba3 Qa5 9. Bxe7 Re8 10. Bxf6 Bxf6 11. Qd2 Nc6 12. Be2 d5 13. O-O Bg4 14. Rd1 Bxf3 15. Bxf3 Rad8 16. a4 Ne7 17. b4 Qc7 18. Ra2 h5 19. Qc1 Rd6 20. Rad2 Red8 21. Rc2 Nf5 22. g3 h4 23. Nd2 hxg3 24. hxg3 Rc6 25. Nf1 Rxc3 26. Rxc3 Qxc3 27. Qxc3 Bxc3 28. Bxd5 Kg7 29. b5 Ne7 30. Bb3 Rxd1 31. Bxd1 Nd5 32. Bb3 Nb6 33. Nh2 Nd7 34. Kf1 Nc5 35. Bc2 a6 36. Ke2 axb5 37. axb5 f5 38. g4 Kf6 39. f4 b6 40. gxf5 gxf5 41. Nf3 Nb7 42. Ng5 Nd6 43. Bd3 Kg6 44. Nf3 Bf6 45. Kd2 Kf7 46. Kc2 Ke6 47. Kb3 Kd5 48. Kb4 Bb2 49. Ne1 Bc1 50. Ng2 Bd2+ 51. Kb3 Kc5 52. Kc2 Ba5 53. Nh4 Kd5 54. Nxf5 Nxf5 55. Bxf5 Bb4 56. Kd3 Ba3 57. Bd7 Bc1 58. Bc6+ Kd6 59. Ke4 Ke6 60. Kf3 Kf6 61. e4 Ke6 62. Bd5+ Kf6 63. e5+ Kf5 64. Be4+ Ke6 65. Bc2 Bd2 66. Ke4 1-0


[Site "https://www.chess.com"]

[Event "Titled Tuesday Blitz March 29 Early 2022"]
[White "Namitbir Singh Walia"]
[Black "Przybylski, Wojciech"]
[WhiteFideId "35071068"]
[BlackFideId "1117599"]
[WhiteElo "1565"]
[BlackElo "2133"]
[Result "1-0"]
[Round "02"]
[TimeControl "180+1"]
[Date "2022.03.30"]
[WhiteClock "0:00:53"]
[BlackClock "0:00:17"]

1. d4 Nf6 2. c4 e6 3. Nf3 b6 4. g3 Bb7 5. Bg2 Be7 6. O-O O-O 7. Nc3 d6 8. Qc2 Nbd7 9. e4 e5 10. Bg5 h6 11. Be3 Ng4 12. Bd2 exd4 13. Nxd4 Bf6 14. Nf5 Nge5 15. Nd5 Bxd5 16. cxd5 a5 17. f4 Ng6 18. Bc3 Re8 19. Rae1 Nc5 20. h4 Bxc3 21. Qxc3 f6 22. h5 Ne7 23. Nxh6+ gxh6 24. Qxf6 Rf8 25. Qxh6 Rf7 26. f5 Nd7 27. f6 Nc8 28. Bh3 Rxf6 29. Be6+ Rxe6 30. Qxe6+ Kh8 31. Qh6+ Kg8 32. Qg6+ Kh8 33. Rf7 Qg8 34. Qh6+ 1-0


[Site "https://www.chess.com"]

[Event "Titled Tuesday Blitz March 29 Early 2022"]
[White "Nozdrachev, Leonid"]
[Black "Kamsky, Gata"]
[WhiteFideId "24113433"]
[BlackFideId "2000024"]
[WhiteElo "2118"]
[BlackElo "2645"]
[Result "0-1"]
[Round "02"]
[TimeControl "180+1"]
[Date "2022.03.29"]
[WhiteClock "0:00:02"]
[BlackClock "0:00:17"]

1. e4 e5 2. Nf3 Nc6 3. Bc4 Nf6 4. d3 h6 5. O-O d6 6. c3 g6 7. Re1 Bg7 8. Nh4 a6 9. a4 d5 10. exd5 Nxd5 11. Nf3 O-O 12. Nbd2 Be6 13. Nf1 Qd7 14. a5 Rad8 15. Qb3 Qc8 16. Ng3 f5 17. Bd2 Bf7 18. h3 Nde7 19. Bxf7+ Rxf7 20. Qc4 Qd7 21. Qb3 Qxd3 22. Qxb7 e4 23. Rad1 exf3 24. Bf4 Qb5 25. Rxd8+ Nxd8 26. Qxc7 Nec6 27. Re8+ Kh7 28. Qc8 Qxa5 29. Be3 Qa1+ 30. Kh2 fxg2 31. Kxg2 f4 32. Bd4 f3+ 33. Kh2 Nxd4 0-1


[Site "https://www.chess.com"]

[Event "Titled Tuesday Blitz March 29 Early 2022"]
[White "Obolentseva, Alexandra"]
[Black "Lopez Del Alamo, Antonio"]
[WhiteFideId "24153648"]
[BlackFideId "2227339"]
[WhiteElo "2113"]
[BlackElo "2082"]
[Result "1-0"]
[Round "02"]
[TimeControl "180+1"]
[Date "2022.03.30"]
[WhiteClock "0:01:54"]
[BlackClock "0:02:22"]

1. d4 Nf6 2. c4 g6 3. Nf3 Bg7 4. Nc3 O-O 5. e4 d6 6. Be2 e5 7. O-O Nc6 8. d5 Ne7 9. b4 Nh5 10. c5 Nf4 11. Bc4 h6 12. Re1 g5 13. Bxf4 exf4 14. Rc1 1-0


[Site "https://www.chess.com"]

[Event "Titled Tuesday Blitz March 29 Early 2022"]
[White "Odegov, Artem"]
[Black "Kopylov, Alexander A."]
[WhiteFideId "34183644"]
[BlackFideId "4164857"]
[WhiteElo "2286"]
[BlackElo "2436"]
[Result "1-0"]
[Round "02"]
[TimeControl "180+1"]
[Date "2022.03.29"]
[WhiteClock "0:01:49"]
[BlackClock "0:01:43"]

1. d4 d5 2. c4 e6 3. Nc3 dxc4 4. e4 Nf6 5. Bxc4 c5 6. Nf3 a6 7. a4 Nc6 8. d5 exd5 9. exd5 Nb8 10. O-O Be7 11. Bf4 O-O 12. d6 Re8 13. dxe7 Qxe7 14. Re1 Qf8 15. Rxe8 Qxe8 16. Bxb8 Rxb8 17. Qd6 Bf5 18. Re1 Qc8 19. Ne5 Bg6 20. Nxg6 hxg6 21. Nd5 1-0


[Site "https://www.chess.com"]

[Event "Titled Tuesday Blitz March 29 Early 2022"]
[White "Oganian, Miran"]
[Black "Jaskolka, Tomasz"]
[WhiteFideId "4122488"]
[BlackFideId "1170791"]
[WhiteElo "2357"]
[BlackElo "2073"]
[Result "0-1"]
[Round "02"]
[TimeControl "180+1"]
[Date "2022.03.30"]
[WhiteClock "0:00:02"]
[BlackClock "0:00:17"]

1. e4 e6 2. d4 d5 3. Nc3 Bb4 4. a3 Bxc3+ 5. bxc3 dxe4 6. Qg4 Nf6 7. Qxg7 Rg8 8. Qh6 Rg6 9. Qh4 c5 10. Ne2 Nbd7 11. g3 b6 12. Bg2 Bb7 13. h3 cxd4 14. cxd4 Qc7 15. O-O e3 16. Bxe3 Bxg2 17. Kxg2 Qxc2 18. Rac1 Qxe2 19. Rfe1 Qd3 20. Bg5 Qf5 21. f4 Ne4 22. Re3 Nxg5 23. fxg5 Qxg5 24. Qe4 Rd8 25. Rc7 Kf8 26. Kh2 Nf6 27. Qf3 Rg7 28. Rxa7 h5 29. Re2 h4 30. g4 Nd5 31. Rf2 Qg6 32. a4 Kg8 33. Rb7 Rc8 34. Kg2 Rc3 35. Qe2 Rc2 36. Qf3 Rxf2+ 37. Qxf2 Qe4+ 38. Qf3 Nf4+ 39. Kf2 Qxd4+ 40. Qe3 Qxe3+ 41. Kxe3 Nxh3 42. Rxb6 Rxg4 43. a5 Ng5 44. a6 Ra4 45. Kf2 h3 46. Kg3 Kg7 47. Rb5 Kg6 48. Rb6 Kf6 49. Kh2 Ra2+ 50. Kh1 Nf3 51. Rb2 Rxb2 0-1


[Site "https://www.chess.com"]

[Event "Titled Tuesday Blitz March 29 Early 2022"]
[White "Omelja, Artem"]
[Black "Xu, Yi"]
[WhiteFideId "14119846"]
[BlackFideId "8605564"]
[WhiteElo "2382"]
[BlackElo "2471"]
[Result "0-1"]
[Round "02"]
[TimeControl "180+1"]
[Date "2022.03.29"]
[WhiteClock "0:00:07"]
[BlackClock "0:00:11"]

1. d4 Nf6 2. c4 e6 3. Nf3 d5 4. Nc3 Bb4 5. cxd5 exd5 6. Qa4+ Nc6 7. Bg5 h6 8. Bxf6 Qxf6 9. e3 O-O 10. Bb5 Bxc3+ 11. bxc3 Ne7 12. O-O Bf5 13. Be2 c6 14. Qb3 b5 15. Ne5 Ng6 16. Nd3 Nh4 17. Ne5 a6 18. Qa3 Rfe8 19. Qc5 Rac8 20. a4 Be4 21. g3 Ng6 22. Nxg6 Qxg6 23. Rfc1 Qf5 24. Qb6 Re6 25. Qxa6 Rf8 26. axb5 cxb5 27. Qxb5 Rf6 28. f4 Rg6 29. Bf1 h5 30. Qe2 h4 31. Qf2 hxg3 32. hxg3 Qg4 33. Be2 Qh3 34. Bf3 Rxg3+ 35. Bg2 Rxg2+ 36. Kf1 Rxf2+ 37. Kxf2 Qf3+ 38. Ke1 Qxe3+ 39. Kd1 Qd3+ 40. Ke1 Bf3 41. Kf2 Qe2+ 42. Kg3 Qg2+ 43. Kh4 Qg4# 0-1


[Site "https://www.chess.com"]

[Event "Titled Tuesday Blitz March 29 Early 2022"]
[White "Oro, Luis"]
[Black "Krysa, Leandro"]
[WhiteFideId "104094"]
[BlackFideId "116807"]
[WhiteElo "2344"]
[BlackElo "2490"]
[Result "1-0"]
[Round "02"]
[TimeControl "180+1"]
[Date "2022.03.30"]
[WhiteClock "0:00:10"]
[BlackClock "0:00:02"]

1. e4 e5 2. Nf3 Nf6 3. Nxe5 d6 4. Nf3 Nxe4 5. Nc3 Nxc3 6. dxc3 Be7 7. Bd3 Nc6 8. Be3 Be6 9. Qd2 Qd7 10. O-O-O a6 11. Kb1 O-O-O 12. Nd4 Nxd4 13. Bxd4 Bf5 14. f3 Rhg8 15. g4 Bg6 16. h4 Bxd3 17. cxd3 h6 18. Rdg1 d5 19. f4 c5 20. Bf2 f5 21. g5 h5 22. Re1 g6 23. Qe2 Bd6 24. Qf3 Kb8 25. Rhf1 Qc7 26. Bg3 Qc6 27. Re6 Rde8 28. Rfe1 Rxe6 29. Rxe6 Kc7 30. Qe2 Kd7 31. Bf2 Rg7 32. Be1 Re7 33. Rxe7+ Bxe7 34. Bd2 Qe6 35. Qf3 Bd6 36. Kc2 b5 37. b3 Bc7 38. Be3 Kc6 39. c4 Bd6 40. Bd2 Qf7 41. Bc3 Qe6 42. Bf6 Bc7 43. a4 bxa4 44. bxa4 Qd6 45. Be5 Qd7 46. cxd5+ Kb7 47. d6+ Ka7 48. dxc7 Qxa4+ 49. Kd2 Qb4+ 50. Ke2 Qb1 51. c8=N# 1-0


[Site "https://www.chess.com"]

[Event "Titled Tuesday Blitz March 29 Early 2022"]
[White "Osmonbekov, Talaibek"]
[Black "Biletskiy, Danylo"]
[WhiteFideId "2017253"]
[BlackFideId "14155419"]
[WhiteElo "2135"]
[BlackElo "2087"]
[Result "0-1"]
[Round "02"]
[TimeControl "180+1"]
[Date "2022.03.30"]
[WhiteClock "0:00:03"]
[BlackClock "0:00:01"]

1. d4 Nf6 2. Nc3 d5 3. Bf4 c6 4. e3 g6 5. Nf3 Bg7 6. h4 O-O 7. Ne5 h5 8. f3 Nbd7 9. Bd3 Nxe5 10. Bxe5 Nd7 11. Bxg7 Kxg7 12. Qd2 e5 13. O-O-O Qf6 14. g4 Rh8 15. g5 Qe7 16. Rde1 a5 17. e4 exd4 18. exd5 Qb4 19. Ne4 cxd5 20. Qxb4 axb4 21. Nd6 Rxa2 22. Kb1 Ra7 23. Ne8+ Kh7 24. Re7 Rf8 25. Nd6 Nc5 26. Nxf7 Nxd3 27. cxd3 Kg8 28. Nh6+ Kh8 29. Rhe1 Bf5 30. Nxf5 Rxf5 31. Rd7 Ra8 32. Ree7 Rxf3 33. Rh7+ Kg8 34. Rdg7+ Kf8 35. Rxb7 Kg8 36. Rbg7+ Kf8 37. Rb7 Kg8 38. Rbg7+ Kf8 39. Rxg6 Re8 40. Kc2 Ree3 41. Rf6+ Rxf6 42. gxf6 Re2+ 43. Kb3 Rd2 44. Kxb4 Rxd3 45. Kc5 Rb3 46. Kxd5 d3 47. Ke6 Rb6+ 48. Kf5 d2 49. Kg6 Ke8 0-1


[Site "https://www.chess.com"]

[Event "Titled Tuesday Blitz March 29 Early 2022"]
[White "Ovezdurdyyeva, Jemal"]
[Black "Stromboli, Ettore"]
[WhiteFideId "14001888"]
[BlackFideId "813761"]
[WhiteElo "1946"]
[BlackElo "2414"]
[Result "1-0"]
[Round "02"]
[TimeControl "180+1"]
[Date "2022.03.30"]
[WhiteClock "0:00:24"]
[BlackClock "0:00:13"]

1. e4 e6 2. d4 d5 3. Nc3 Bb4 4. Bd3 dxe4 5. Bxe4 Nf6 6. Bf3 O-O 7. Ne2 Nbd7 8. Bf4 Bd6 9. O-O Bxf4 10. Nxf4 e5 11. Nfd5 c6 12. Nxf6+ Qxf6 13. d5 cxd5 14. Nxd5 Qd8 15. Qe2 Re8 16. Rad1 Nb6 17. Rfe1 f6 18. Bh5 Rf8 19. Qb5 Be6 20. Nxb6 Qxb6 21. Qxb6 axb6 22. a3 Bf5 23. c3 Rfd8 24. Bf3 e4 25. Be2 Kf8 26. Bc4 Ke7 27. Kf1 Rd6 28. f3 Rxd1 29. Rxd1 exf3 30. gxf3 Rc8 31. Bd5 Rc7 32. Ke2 Bc2 33. Rd4 h6 34. Rb4 Kd6 35. Bg8 Kc5 36. Rc4+ Kd6 37. Rd4+ Ke7 38. Rb4 Rc6 39. Bd5 Rd6 40. Bxb7 Bd1+ 41. Kf2 Bc2 42. Ke3 Rd1 43. Rxb6 Rh1 44. c4 Rxh2 45. c5 Rh5 46. c6 Rc5 47. Kd4 Re5 48. c7 Bf5 49. c8=Q Bxc8 50. Bxc8 h5 51. a4 h4 52. b4 Re1 53. a5 Rd1+ 54. Ke3 g5 55. a6 Rc1 56. Bf5 Rc3+ 57. Kd4 Ra3 58. Ke4 Ra4 59. Ke3 Ra3+ 60. Ke2 Ra2+ 61. Kd3 Ra3+ 62. Kc4 Rxf3 63. a7 Ra3 64. Rb7+ Kd6 65. b5 Ke5 66. Bd7 f5 67. b6 h3 68. Rb8 h2 69. Rh8 Kd6 70. Bxf5 Ke5 71. Bd7 Kd6 72. Bg4 Kc6 73. a8=Q+ Kxb6 74. Qxa3 h1=Q 75. Qb2+ Kc7 76. Rxh1 Kd6 77. Rf1 Ke7 78. Rf5 Kd6 79. Rxg5 Ke7 80. Qf2 Kd6 81. Qf5 Kc7 82. Rg6 Kd8 83. Qf6+ Ke8 84. Rg8# 1-0


[Site "https://www.chess.com"]

[Event "Titled Tuesday Blitz March 29 Early 2022"]
[White "Pakleza, Zbigniew"]
[Black "Riehle, Marco"]
[WhiteFideId "1119290"]
[BlackFideId "12904392"]
[WhiteElo "2467"]
[BlackElo "2462"]
[Result "1-0"]
[Round "02"]
[TimeControl "180+1"]
[Date "2022.03.29"]
[WhiteClock "0:00:07"]
[BlackClock "0:00:43"]

1. d4 d5 2. Bf4 e6 3. e3 Bd6 4. Bg3 c5 5. c3 Nf6 6. Nd2 O-O 7. Ngf3 Nc6 8. Bd3 Re8 9. Ne5 Bxe5 10. dxe5 Nd7 11. Nf3 Qc7 12. O-O g6 13. e4 Ndxe5 14. Nxe5 Nxe5 15. Bb5 Rd8 16. Bh4 Rd6 17. f4 dxe4 18. fxe5 Rxd1 19. Raxd1 a6 20. Be8 Kf8 21. Bxf7 Qxf7 22. Rd8+ Kg7 23. Rxf7+ Kxf7 24. Kf2 h6 25. Bf6 b5 26. Ke3 g5 27. g4 a5 28. h3 b4 29. c4 a4 30. Rh8 Kg6 31. Rg8+ Kf7 32. Rh8 a3 33. b3 Kg6 34. Rg8+ Kf7 35. Rh8 Kg6 36. Rg8+ Kf7 37. Rg7+ Kf8 38. Rc7 Ba6 39. Rxc5 Rb8 40. Rc6 Bc8 41. Rd6 Bb7 42. Rb6 Ke8 43. c5 Rc8 44. Rxb7 Rxc5 45. Re7+ Kf8 46. Rxe6 Rc2 47. Rb6 Kf7 48. Rxb4 Rxa2 49. Ra4 Ke6 50. Ra6+ Kd5 51. e6 Rc2 52. e7 Rc8 53. Rxa3 Ke6 54. Ra6+ Kf7 55. Kxe4 h5 56. gxh5 g4 57. hxg4 Kg8 58. g5 Kh7 59. Rd6 Rb8 60. g6+ Kh6 61. Rd8 Rb4+ 62. Kf5 Rb5+ 63. Be5 Rb8 64. Rxb8 1-0


[Site "https://www.chess.com"]

[Event "Titled Tuesday Blitz March 29 Early 2022"]
[White "Papasimakopoulos, Alexandros"]
[Black "Fathy, Elameir"]
[WhiteFideId "4244125"]
[BlackFideId "10600396"]
[WhiteElo "2340"]
[BlackElo "2311"]
[Result "1-0"]
[Round "02"]
[TimeControl "180+1"]
[Date "2022.03.30"]
[WhiteClock "0:00:19"]
[BlackClock "0:00:01"]

1. d4 d5 2. c4 c6 3. cxd5 cxd5 4. Bf4 Nc6 5. e3 Nf6 6. Nc3 a6 7. Bd3 Bg4 8. Nge2 e6 9. Rc1 Bd6 10. f3 Bh5 11. O-O Bg6 12. Na4 Bxd3 13. Qxd3 O-O 14. Nc5 Bxf4 15. Nxf4 Qe7 16. Qb3 Na5 17. Qc3 Nc4 18. b3 Nd6 19. Nfd3 Rac8 20. Qb4 Rc7 21. Ne5 Rfc8 22. Qb6 Nf5 23. Rc3 Ne8 24. Rfc1 Nfd6 25. Qa5 f6 26. Ned3 Nb5 27. R3c2 Na7 28. Qb6 Nc6 29. Nf4 Nd8 30. Rc3 Kf7 31. Na4 Rc6 32. Rxc6 Rxc6 33. Rxc6 Nxc6 34. Nc5 g5 35. Nfxe6 Nd6 36. Qc7 1-0


[Site "https://www.chess.com"]

[Event "Titled Tuesday Blitz March 29 Early 2022"]
[White "Papp, Petra"]
[Black "Mikhailovsky, Vladimir"]
[WhiteFideId "739049"]
[BlackFideId "34105414"]
[WhiteElo "2259"]
[BlackElo "2371"]
[Result "1-0"]
[Round "02"]
[TimeControl "180+1"]
[Date "2022.03.30"]
[WhiteClock "0:00:15"]
[BlackClock "0:00:02"]

1. e4 Nf6 2. e5 Nd5 3. d4 d6 4. c4 Nb6 5. exd6 exd6 6. Nf3 Be7 7. h3 O-O 8. Bd3 Nc6 9. O-O Re8 10. Nc3 Bf6 11. Be3 Nb4 12. b3 Nxd3 13. Qxd3 c6 14. Rfe1 d5 15. c5 Nd7 16. b4 a6 17. Bf4 Nf8 18. a4 g6 19. Be5 Bf5 20. Qd2 Nd7 21. Bxf6 Qxf6 22. Qg5 Be4 23. Qxf6 Nxf6 24. Ne5 Bf5 25. b5 Bd7 26. b6 Re6 27. Re3 Rae8 28. Rae1 Bc8 29. g4 h6 30. Kg2 Kg7 31. Kg3 Ng8 32. Nd3 Rxe3+ 33. Rxe3 Rxe3+ 34. fxe3 f5 35. Ne5 Kf6 36. gxf5 Kxf5 37. Nf7 Ke6 38. Nd6 Ne7 39. Kf3 Kf6 40. h4 g5 41. h5 Ke6 42. Ne2 1-0


[Site "https://www.chess.com"]

[Event "Titled Tuesday Blitz March 29 Early 2022"]
[White "Pein, Jonathan"]
[Black "Atakhan, Abtin"]
[WhiteFideId "417092"]
[BlackFideId "22502203"]
[WhiteElo "2140"]
[BlackElo "2119"]
[Result "0-1"]
[Round "02"]
[TimeControl "180+1"]
[Date "2022.03.30"]
[WhiteClock "0:01:24"]
[BlackClock "0:01:54"]

1. e4 c5 2. Nf3 Nc6 3. Bb5 g6 4. O-O Bg7 5. Re1 e5 6. Nc3 Nge7 7. a3 O-O 8. Nd5 d6 9. c3 Nxd5 10. exd5 Ne7 11. Bc4 b5 12. Bxb5 Bb7 13. c4 h6 14. d3 Rb8 15. Ba4 Bc8 16. Bc2 Bg4 17. h3 Bxf3 18. Qxf3 Nf5 19. Be3 Rxb2 20. Ba4 Qa5 21. Bd7 Nxe3 22. Qxe3 Rfb8 23. a4 e4 24. Qxe4 Bd4 25. Re2 Rxe2 26. Qxe2 Bxa1 27. h4 Be5 28. g3 Rb1+ 29. Kg2 Rb2 30. Qf3 Bd4 0-1


[Site "https://www.chess.com"]

[Event "Titled Tuesday Blitz March 29 Early 2022"]
[White "Perera Alfonso, Rene Humberto"]
[Black "Bacrot, Etienne"]
[WhiteFideId "3514722"]
[BlackFideId "605506"]
[WhiteElo "2313"]
[BlackElo "2673"]
[Result "0-1"]
[Round "02"]
[TimeControl "180+1"]
[Date "2022.03.29"]
[WhiteClock "0:00:43"]
[BlackClock "0:00:03"]

1. e4 c5 2. Nf3 d6 3. d4 cxd4 4. Nxd4 Nf6 5. Nc3 Nc6 6. Bc4 e6 7. Be3 Be7 8. Qe2 a6 9. O-O-O Na5 10. Bd3 b5 11. g4 b4 12. Na4 Bd7 13. Nb6 Qxb6 14. Nxe6 Qc6 15. Nxg7+ Kd8 16. Nf5 Bxf5 17. exf5 Rb8 18. Rhe1 b3 19. axb3 Re8 20. Kb1 Nd7 21. Bd4 Kc7 22. Qd2 Nb7 23. g5 Nbc5 24. Bc4 d5 25. Bxd5 Qxd5 26. Be5+ Qxe5 27. Rxe5 Nxe5 28. f6 Bf8 29. Qf4 Nd7 30. h4 Re6 31. h5 Rc6 32. g6 hxg6 33. hxg6 fxg6 34. f7 Rc8 35. Rxd7+ Kxd7 36. Qxe5 Rxc2 37. Qe4 R2c5 38. Qxg6 Ke7 39. f4 R5c6 40. Qh5 Rc1+ 41. Ka2 R8c5 42. f5 Ra5# 0-1


[Site "https://www.chess.com"]